 Dungeon Crawl Stone Soup version 0.27-a0-631-g2d681adce0 (webtiles) character file.

Game seed: 7156469206724388869

490 inc the Grave Robber (level 6, -9/44 HPs)
             Began as a Mummy Necromancer on Mar 13, 2021.
             Mangled by Pikel
             ... wielding a +0 whip of electrocution
              (19 damage)
             ... on level 3 of the Dungeon.
             The game lasted 00:11:33 (5202 turns).

inc the Grave Robber (Mummy Necromancer)            Turns: 5202, Time: 00:11:34

Health: -9/44      AC:  3    Str: 11    XL:     6   Next: 90%
Magic:  0/13       EV: 12    Int: 16    God:
Gold:   127        SH:  0    Dex: 13    Spells: 10/14 levels left

rFire    x . .     SeeInvis .   i - +0 short sword (vamp)
rCold    + . .     Faith    .   (no shield)
rNeg     + + +     Spirit   .   a - +0 robe
rPois    ∞         Reflect  .   f - +0 helmet
rElec    .         Harm     .   l - scarf {repulsion}
rCorr    .         Rampage  .   (no gloves)
Will     .....                  (no boots)
Stlth    ++........             n - amulet of regeneration
HPRegen  1.14/turn              (no ring)
MPRegen  0.13/turn              (no ring)

@: repel missiles
A: cold resistance 1, negative energy resistance 3, torment resistance 2,
unbreathing 1, heat vulnerability 1, no potions
a: no special abilities


You were on level 3 of the Dungeon.
You visited 1 branch of the dungeon, and saw 4 of its levels.
You also visited: Sewer.

You collected 127 gold pieces.

Inventory:

Hand Weapons
 b - a +2 dagger of speed
 i - a +0 vampiric short sword (weapon)
 k - a +1 mace of draining
Armour
 a - a +0 robe (worn)
 f - a +0 helmet (worn)
 h - a +0 buckler
 l - a scarf of repulsion (worn)
Jewellery
 n - an amulet of regeneration (around neck)
Scrolls
 c - 3 scrolls of immolation {unknown}
 d - 3 scrolls of teleportation
 e - 5 scrolls of magic mapping {unknown}
 g - 3 scrolls of amnesia {unknown}
 j - 2 scrolls of fear {unknown}
 m - 3 scrolls of identify {unknown}


   Skills:
 - Level 2.0 Fighting
 - Level 1.5 Short Blades
 - Level 1.5 Dodging
 - Level 1.5 Stealth
 + Level 4.9 Spellcasting
 + Level 6.8 Necromancy


You had 10 spell levels left.
You knew the following spells:

 Your Spells              Type           Power      Damage    Failure   Level
a - Pain                  Necr           100%       1d9       1%          1
b - Vampiric Draining     Necr           12%        2d7       2%          3

Your spell library contained the following spells:

 Spells                   Type           Power      Damage    Failure   Level
 Animate Skeleton         Necr           50%        N/A       1%          1
 Animate Dead             Necr           12%        N/A       10%         4
 Agony                    Necr           25%        N/A       26%         5


Dungeon Overview and Level Annotations

Branches:
Dungeon (4/15)              Sewer (visited)
 Temple: D:4-7

Altars:
Uskayaw
Yredelemnul

Annotations:
D:3 1 runed translucent door, Crazy Yiuf, Pikel


Innate Abilities, Weirdness & Mutations

You are immune to poison.
Your flesh is cold resistant. (rC+)
You are immune to negative energy. (rN+++)
You are immune to unholy pain and torment.
You can survive without breathing.
You are vulnerable to heat. (rF-)
You do not drink.


Message History

Pikel hits you with a +0 whip of electrocution.
You feel a sense of dread.
i - a +0 vampiric short sword (weapon)
You hit Pikel but do no damage.
Pikel is severely wounded.
Pikel hits you with a +0 whip of electrocution.
You closely miss Pikel.
Pikel is severely wounded.
Pikel hits you with a +0 whip of electrocution.
* * * LOW HITPOINT WARNING * * *
You barely miss Pikel.
Pikel is severely wounded.
Pikel says, "Hell isn't that bad."
Pikel hits you with a +0 whip of electrocution.
* * * LOW HITPOINT WARNING * * *
Pikel closely misses you.
Casting: Vampiric Draining (dangerous; 2% risk of failure)
Confirm with . or Enter, or press ? or * to list all spells.
Aiming: Vampiric Draining (dangerous; 2% risk of failure)
Press: ? - help, Shift-Dir - straight line, f/p - Pikel
Aim: Pikel, wielding a +0 whip of electrocution, wearing a +0 robe and carrying a wand of iceblast (2) (severely wounded)
You draw life force from Pikel!
You feel life coursing into your body.
Pikel hits you with a +0 whip of electrocution.
* * * LOW HITPOINT WARNING * * *
You barely miss Pikel.
Pikel is almost dead.
Pikel misses you.
You barely miss Pikel.
Pikel is almost dead.
Pikel hits you with a +0 whip of electrocution.
* * * LOW HITPOINT WARNING * * *
You hit Pikel but do no damage.
Pikel is almost dead.
Pikel completely misses you.
You closely miss Pikel.
Pikel is almost dead.
Pikel hits you with a +0 whip of electrocution.
* * * LOW HITPOINT WARNING * * *
You are electrocuted!!
You die...

...................####.##....).≈
......................#.#######.#
......................#.# #.#
......................#.# #.#
......................#.# #.#
...............(......#.# #.#
......................#.# #.#
.......(.......K......#.# #.#
................@.....#.# #..
......................#.## ###
...............).........#
..................)......########
.................................
.................................
.................................
..÷..............................
.................................


You could see Pikel.

Vanquished Creatures
  Purgy (Sewer)
  A lemure (D:3)
  A bullfrog (D:4)
  An orc priest (D:3)
  Terence (D:2)
  2 orc wizards (D:3)
  8 adders
  3 gnolls (D:3)
  3 worms
  2 dart slugs
  2 leopard geckos
  18 orcs (D:3)
  4 ball pythons
  6 bats
  5 giant cockroaches
  10 goblins
  10 hobgoblins
  9 kobolds
  A quokka (D:4)
  5 frilled lizards
  9 rats
102 creatures vanquished.

Vanquished Creatures (others)
  A withered plant (D:3)
1 creature vanquished.

Grand Total: 103 creatures vanquished

Notes
Turn   | Place    | Note
-------+----------+-------------------------------------------
     0 | D:1      | inc the Mummy Necromancer began the quest for the Orb.
     0 | D:1      | Reached XP level 1. HP: 13/13 MP: 4/4
   447 | D:1      | Reached XP level 2. HP: 19/19 MP: 1/5
  1248 | D:2      | Found a hide-covered altar of Uskayaw.
  1379 | D:2      | Reached skill level 5 in Necromancy
  1428 | D:2      | Reached XP level 3. HP: 24/24 MP: 1/7
  1767 | D:2      | Noticed Terence
  1773 | D:2      | Killed Terence
  1774 | D:2      | Reached XP level 4. HP: 30/30 MP: 0/8
  1870 | D:2      | Learned a level 3 spell: Vampiric Draining
  2620 | D:3      | Reached skill level 6 in Necromancy
  2700 | D:3      | Reached XP level 5. HP: 8/35 MP: 0/10
  2917 | D:3      | Found a basalt altar of Yredelemnul.
  3009 | D:3      | Found a glowing drain.
  3051 | Sewer    | Entered a sewer
  3109 | Sewer    | Noticed Purgy
  3149 | Sewer    | Killed Purgy
  3150 | Sewer    | Reached skill level 1 in Short Blades
  3150 | Sewer    | Reached XP level 6. HP: 19/44 MP: 0/11
  3539 | D:4      | Noticed Pikel
  4741 | D:3      | Found a runed translucent door.
  4742 | D:3      | Noticed Crazy Yiuf
  5202 | D:3      | Mangled by Pikel

Illustrated notes

Levels and vault maps discovered:
D:1:      elethiomel_arrival_quiet, layout_basic
D:2:      layout_basic, lemuel_crystal_altar, uniq_terence
D:3:      layout_basic, serial_rivers, chequers_serial_rivers_small_3,
          chequers_serial_rivers_small_3, chequers_serial_rivers_small_a,
          chequers_serial_rivers_room_b, chequers_serial_rivers_small_b,
          chequers_serial_rivers_micro_a, cheibrodos_sewer_entry_bend,
          yredelemnul_altar_generic, uniq_crazy_yiuf_cottage
D:4:      layout_rooms, grunt_temple_overflow_champion_of_chaos,
          nicolae_ossuary_entry_monument, uniq_pikel

Skill      XL: |  1  2  3  4  5  6 |
---------------+-------------------+-----
Necromancy     | 5 6 |  6.8
Spellcasting   | 3 4 |  4.9
Fighting       | 2 |  2.0
Short Blades   | 1 |  1.5
Dodging        | |  1.5
Stealth        | |  1.5

Action                   |  1- 3 |  4- 6 || total
-------------------------+-------+-------++-------
Melee: Dagger            |       |    83 ||    83
       Short sword       |       |    14 ||    14
 Cast: Pain              |    64 |   161 ||   225
       Vampiric Draining |       |     9 ||     9
  Use: Scroll            |       |     2 ||     2
 Stab: Sleeping          |       |     1 ||     1
Armor: Robe              |     2 |    19 ||    21
Dodge: Dodged            |     4 |    85 ||    89

Table legend: (Time is in decaauts)
 A = Elapsed time spent in this place.
 B = Non-inter-level travel time spent in this place.
 C = Inter-level travel time spent in this place.
 D = Time resting spent in this place.
 E = Time spent auto-exploring this place.
 F = Levels seen in this place.
 G = Mean time per level.
                   A        B        C        D        E       F      G
               +--------+--------+--------+--------+--------+-----+--------+
         Total |   5232 |   5073 |    159 |    985 |   3019 |   5 | 1046.4 |
       Dungeon |   4880 |   4721 |    159 |    892 |   2875 |   4 | 1220.0 |
         Sewer |    351 |    351 |      0 |     93 |    144 |   1 |  351.0 |
               +--------+--------+--------+--------+--------+-----+--------+

Top non-repeatable levels by time:
     D:3: 2189 daAuts
     D:1: 1313 daAuts
     D:2: 1239 daAuts
   Sewer: 351 daAuts
     D:4: 138 daAuts
